 Dungeon Crawl Stone Soup version 0.31-a0-851-g7ff8af7976 (webtiles) character file.

Game seed: 11588663798484803923

156 Flugkiller the Cudgeller (level 5, -1/44 HPs)
             Began as a Draconian Reaver on Oct 7, 2023.
             Was a Follower of Okawaru.
             Slain by Pargi (2 damage)
             ... in a sewer.
             The game lasted 00:04:26 (2327 turns).

Flugkiller the Cudgeller (Draconian Reaver)         Turns: 2327, Time: 00:04:26

Health: -1/44      AC:  5    Str: 19    XL:     5   Next: 15%
Magic:  5/8        EV: 14    Int: 12    God:    Okawaru [*.....]
Gold:   87         SH:  0    Dex: 10    Spells: 5/8 levels left

rFire   . . .        a - +0 mace
rCold   . . .        (no shield)
rNeg    . . .        (body armour unavailable)
rPois   .            (helmet restricted)
rElec   .            (no cloak)
rCorr   .            (no gloves)
SInv    .            (no boots)
Will    +....        (no amulet)
Stlth   +++          (no ring)
HPRegen 0.27/turn    (no ring)
MPRegen 0.11/turn

%: no passive effects
@: brilliant, heroic, flying
A: AC +5, unfitting armour, cold-blooded, big wings, strong-willed 1, strong 1,
evolution 1
a: Renounce Religion, Heroism


You were in a sewer.
You worshipped Okawaru.
Okawaru was aware of your devotion.
You visited 1 branch of the dungeon, and saw 3 of its levels.
You also visited: Sewer.

You collected 87 gold pieces.

Inventory:

Hand Weapons
 a - a +0 mace (weapon)
 c - a +0 flail
   (You took it off a goblin on level 3 of the Dungeon)
Armour
 g - a +0 kite shield
   (You found it on level 2 of the Dungeon)
Scrolls
 d - a scroll of identify {unknown}
 h - a scroll of teleportation {unknown}
Potions
 e - a potion of brilliance
 f - a potion of cancellation {unknown}
 i - a potion of enlightenment {unknown}


   Skills:
 - Level 2.8(7.8) Fighting
 + Level 4.4(9.4) Maces & Flails
 - Level 2.1(7.1) Dodging
 - Level 2.3 Spellcasting
 - Level 3.4 Conjurations
 + Level 2.2 Invocations


You had 5 spell levels left.
You knew the following spells:

 Your Spells              Type           Power      Damage    Failure   Level
a - Kiss of Death         Conj/Necr      32%        2d7       13%         1
b - Momentum Strike       Conj/Tloc      16%        3d8       21%         2

Your spell library contained the following spells:

 Spells                   Type           Power      Damage    Failure   Level
 Hailstorm                Conj/Ice       8%         3d4       36%         3
 Volatile Blastmotes      Fire/Tloc      4%         2d10      63%         3
 Fulminant Prism          Conj/Hex       4%         3d5       78%         4
 Iskenderun's Mystic Bla  Conj/Tloc      8%         2d4       78%         4


Dungeon Overview and Level Annotations

Branches:
Dungeon (3/15) Zot: 15760   Sewer (1/1) Zot: 5847

Altars:
Okawaru
Ru

Shops:
D:2 **

Annotations:
Sewer Pargi


Innate Abilities, Weirdness & Mutations

Your plain brown scales are hard. (AC +5)
You cannot fit into any form of body armour.
You are cold-blooded and may be slowed by cold attacks.
Your large and strong wings let you fly.
You are strong-willed. (Will+)
Your muscles are strong. (Str +4, Int/Dex -1)
You have hidden genetic potential.


Message History

You hit Pargi.
Pargi is moderately wounded.
Pargi bites you. Pargi claws you. Pargi misses you.
You hit Pargi. You punch Pargi, but do no damage.
Pargi is moderately wounded.
Pargi hisses menacingly.
Pargi misses you. Pargi barely misses you. Pargi completely misses you.
You hit Pargi but do no damage.
Your tail-slap misses Pargi.
Pargi is moderately wounded.
Pargi bites you but does no damage. Pargi barely misses you.
Pargi claws you but does no damage.
You hit Pargi.
Pargi is moderately wounded.
Pargi bites you. Pargi claws you but does no damage. Pargi barely misses you.
You hit Pargi.
Your tail-slap misses Pargi.
Pargi is moderately wounded.
You are no longer robbed of momentum.
Pargi bites you. Pargi closely misses you. Pargi claws you but does no damage.
You sock Pargi!
Your tail-slap misses Pargi.
Pargi is heavily wounded.
Pargi closely misses you. Pargi claws you but does no damage.
Pargi barely misses you.
You thump Pargi!
Pargi is severely wounded.
Pargi bites you but does no damage. Pargi claws you. Pargi closely misses you.
You hit Pargi but do no damage.
Pargi is severely wounded.
Pargi completely misses you. Pargi claws you. x2
You hit Pargi.
Your tail-slap misses Pargi.
Pargi is severely wounded.
Pargi looks around nervously.
Pargi closely misses you. Pargi claws you. Pargi closely misses you.
You barely miss Pargi.
Your tail-slap misses Pargi.
Pargi is severely wounded.
Pargi closely misses you. Pargi claws you but does no damage.
Pargi closely misses you.
You sock Pargi!
Pargi is almost dead.
You feel like a meek peon again. Pargi misses you.
Pargi claws you but does no damage. x2
You barely miss Pargi.
Your tail-slap misses Pargi.
Pargi is almost dead.
Pargi misses you. Pargi claws you but does no damage. Pargi barely misses you.
You hit Pargi but do no damage.
Pargi is severely wounded.
Pargi closely misses you. Pargi claws you but does no damage. x2
You barely miss Pargi.
Pargi is severely wounded.
Pargi looks around nervously.
Pargi misses you. Pargi claws you. x2
You closely miss Pargi.
Your tail-slap misses Pargi.
Pargi is severely wounded.
Pargi barely misses you. Pargi claws you but does no damage. Pargi claws you.
You hit Pargi.
Pargi is severely wounded.
Pargi bites you. Pargi claws you but does no damage. x2
You barely miss Pargi.
Your tail-slap misses Pargi.
Pargi is severely wounded.
Pargi misses you. Pargi claws you. x2
* * * LOW HITPOINT WARNING * * *
Pargi bites you.
* * * LOW HITPOINT WARNING * * *
Pargi claws you but does no damage. Pargi completely misses you.
You closely miss Pargi.
Pargi is severely wounded.
Pargi barely misses you. Pargi claws you but does no damage. Pargi claws you.
* * * LOW HITPOINT WARNING * * *
You closely miss Pargi.
Pargi is severely wounded.
Pargi closely misses you. Pargi claws you.
* * * LOW HITPOINT WARNING * * *
Pargi closely misses you.
You closely miss Pargi.
Your tail-slap misses Pargi.
Pargi is severely wounded.
Pargi looks around nervously.
Pargi barely misses you. Pargi misses you. Pargi claws you but does no damage.
You closely miss Pargi.
Pargi is heavily wounded.
Pargi closely misses you. Pargi claws you but does no damage. x2
Okay, then.
It was a potion of brilliance.
You feel clever all of a sudden. Pargi closely misses you.
Pargi claws you but does no damage. Pargi misses you.
It was a potion of mutation.
You feel extremely strange.
You feel strong-willed.
Your wings grow larger and stronger.
You feel stronger.
You feel a hidden potential growing inside you.
Pargi bites you but does no damage. Pargi claws you.
* * * LOW HITPOINT WARNING * * *
Pargi barely misses you.
Unknown command.
Unknown command.
You gain the combat prowess of a mighty hero.
Pargi closely misses you. x2; Pargi barely misses you.
You barely miss Pargi.
Pargi is heavily wounded.
Pargi looks very sad for a moment.
Pargi bites you.
* * * LOW HITPOINT WARNING * * *
Pargi claws you.
You die...

≈~~..##~†≈≈≈≈≈≈≈≈≈≈≈≈###
~†.####.#~.≈≈≈≈≈≈≈≈≈≈≈≈#
.### #####..≈≈≈≈≈≈≈≈≈≈#
.# ###..≈≈≈≈≈≈≈≈≈ ##
###.≈≈≈≈≈≈≈≈ ##~≈≈≈≈≈≈≈
#~≈≈≈≈≈≈≈ #~≈≈≈≈≈≈≈
#@≈≈≈≈≈≈≈ #
.~~.~.T≈≈≈≈≈≈≈≈ #
#######~≈≈≈≈≈≈≈ #
#~≈≈≈≈≈≈≈ # ##~≈≈≈≈≈≈
~≈≈≈≈≈≈ ≈≈≈≈≈≈≈ ≈≈≈≈≈≈≈


You could see Pargi.

Vanquished Creatures
  Robin (D:2)
  3 adders (D:2)
  3 gnolls (D:3)
  2 worms (D:3)
  A dart slug (D:3)
  4 orcs (D:3)
  2 endoplasms (D:2)
  4 giant cockroaches
  17 goblins
  6 hobgoblins
  2 jackals (D:1)
  3 kobolds
  4 quokkas (D:1)
  6 ball pythons
  7 bats
  7 frilled lizards
  5 rats
77 creatures vanquished.

Notes
Turn   | Place    | Note
-------+----------+-------------------------------------------
     0 | D:1      | Flugkiller the Draconian Reaver began the quest for the
                  | Orb.
     0 | D:1      | Reached XP level 1. HP: 17/17 MP: 3/3
   194 | D:1      | Reached XP level 2. HP: 25/25 MP: 5/5
   829 | D:2      | Reached XP level 3. HP: 22/30 MP: 6/6
   908 | D:2      | Found a faded altar of an unknown god.
   925 | D:2      | Prayed at the altar of an unknown god.
   925 | D:2      | Became a worshipper of Warmaster Okawaru
   925 | D:2      | Reached * piety under Okawaru
   939 | D:2      | Found Sypsawn's Assorted Antiques.
  1181 | D:2      | Noticed Robin
  1205 | D:2      | Reached XP level 4. HP: 18/37 MP: 7/7
  1222 | D:2      | Killed Robin
  1418 | D:2      | Found Daqanyum's General Store.
  1506 | D:2      | Reached skill level 4 in Maces & Flails
  1506 | D:2      | Reached skill level 1 in Invocations
  1794 | D:3      | Noticed an ogre
  2083 | D:3      | Learned a level 2 spell: Momentum Strike
  2097 | D:3      | Found a sacrificial altar of Ru.
  2105 | D:3      | Found a glowing drain.
  2150 | D:3      | Reached XP level 5. HP: 19/44 MP: 5/8
  2186 | Sewer    | Entered a sewer
  2300 | Sewer    | Noticed Pargi
  2325 | Sewer    | Gained mutation: You are strong-willed. (Will+) [potion of
                  | mutation]
  2325 | Sewer    | Gained mutation: Your large and strong wings let you fly.
                  | [potion of mutation]
  2325 | Sewer    | Gained mutation: Your muscles are strong. (Str +4, Int/Dex
                  | -1) [potion of mutation]
  2325 | Sewer    | Gained mutation: You have hidden genetic potential. [potion
                  | of mutation]
  2327 | Sewer    | HP: 1/44 [Pargi (6)]
  2327 | Sewer    | Slain by Pargi

Illustrated notes

Levels and vault maps discovered:
D:1:      dpeg_arrival_round_a, layout_loops_cross, minmay_surrounded
D:2:      layout_basic, basic_ecumenical_altar, serial_shops, shop, shop,
          uniq_robin
D:3:      layout_basic, mainiacjoe_overflow_small_starburst,
          portal_sewer_entry_a
Sewer:    sewer_co_pargi_island

Skill      XL: |  1  2  3  4 |
---------------+-------------+-----
Dodging        | 2 |  2.1
Maces & Flails | 4 |  4.4
Invocations    | 2 |  2.2
Fighting       | |  2.8
Spellcasting   | |  2.3
Conjurations   | |  3.4

Action                     |  1- 3 |  4- 6 || total
---------------------------+-------+-------++-------
  Melee: Mace              |   155 |   131 ||   286
         Tailslap          |     6 |    11 ||    17
         Punch             |     1 |     2 ||     3
   Cast: Momentum Strike   |       |     3 ||     3
 Invoke: Heroism           |       |     3 ||     3
    Use: Scroll            |     2 |       ||     2
         Potion            |       |     2 ||     2
 Armour: Skin              |   110 |   104 ||   214
  Dodge: Dodged            |   120 |   100 ||   220

Table legend: (Time is in decaauts)
 A = Elapsed time spent in this place.
 B = Non-inter-level travel time spent in this place.
 C = Inter-level travel time spent in this place.
 D = Time resting spent in this place.
 E = Time spent auto-exploring this place.
 F = Levels seen in this place.
 G = Mean time per level.
                   A        B        C        D        E       F      G
               +--------+--------+--------+--------+--------+-----+--------+
         Total |   2390 |   2341 |     49 |    423 |   1046 |   4 |  597.5 |
       Dungeon |   2239 |   2190 |     49 |    354 |   1046 |   3 |  746.3 |
         Sewer |    151 |    151 |      0 |     69 |      0 |   1 |  151.0 |
               +--------+--------+--------+--------+--------+-----+--------+

Top non-repeatable levels by time:
     D:2: 1024 daAuts
     D:1: 805 daAuts
     D:3: 408 daAuts
   Sewer: 151 daAuts
